 Dungeon Crawl Stone Soup version 0.31-a0-236-g9a0961fb85 (webtiles) character file.

Game seed: 17743371423524129685

93 qw the Shooter (level 4, -2/26 HPs)
             Began as a Gargoyle Hexslinger on July 9, 2023.
             Slain by Sigmund
             ... wielding a +0 scythe
              (7 damage)
             ... on level 3 of the Dungeon.
             The game lasted 00:00:47 (1831 turns).

qw the Shooter (Gargoyle Hexslinger)                Turns: 1831, Time: 00:00:48

Health: -2/26      AC:  7    Str: 18    XL:     4   Next: 62%
Magic:  5/5        EV: 11    Int: 13    God:
Gold:   72         SH:  0    Dex: 14    Spells: 4/5 levels left

rFire   . . .        Y - +1 sling
rCold   . . .        (no shield)
rNeg    + . .        f - +0 leather armour
rPois   inf          (no helmet)
rElec   +            (no cloak)
rCorr   .            c - +0 pair of gloves
SInv    .            (no boots)
Will    .....        a - amulet of faith
Stlth   +            e - +6 ring of strength
HPRegen 0.24/turn    (no ring)
MPRegen 0.09/turn

%: faith
@: no status effects
A: sickness immunity, AC +3, negative energy resistance 1, electricity
resistance, torment resistance 1, petrification resistance
a: no special abilities


You were on level 3 of the Dungeon.
You visited 1 branch of the dungeon, and saw 3 of its levels.

You collected 72 gold pieces.


Innate Abilities, Weirdness & Mutations

You are immune to sickness and miasma.
Your stone body is resilient. (AC +3)
You are immune to poison.
You resist negative energy. (rN+)
You are resistant to electric shocks. (rElec)
You are resistant to unholy torment.
You are immune to petrification.


   Skills:
 - Level 2.0 Fighting
 + Level 4.4 Ranged Weapons
 - Level 1.5 Dodging
 - Level 1.0 Spellcasting
 - Level 2.6 Hexes


You had 4 spell levels left.
You knew the following spells:

 Your Spells              Type           Power      Damage    Failure   Level
a - Slow                  Hex            28%        N/A       11%         1

Your spell library contained the following spells:

 Spells                   Type           Power      Damage    Failure   Level
 Inner Flame              Hex/Fire       4%         N/A       50%         3
 Portal Projectile        Hex/Tloc       8%         N/A       50%         3
 Cause Fear               Hex            3%         N/A       73%         4

Inventory:

Hand Weapons
 Y - a +1 sling (weapon)
Armour
 c - a +0 pair of gloves (worn)
 f - a +0 leather armour (worn)
Jewellery
 a - an amulet of faith (around neck)
 e - a +6 ring of strength (left hand)
Scrolls
 b - a scroll of revelation {unknown}
 d - a scroll of teleportation
 j - a scroll of identify
Potions
 i - a potion of heal wounds {unknown}

Dungeon Overview and Level Annotations

Branches:
Dungeon (3/15)

Altars:
Fedhas

Annotations:
D:3 Sigmund


Message History

Sigmund giggles. "Time to reap what you sow."
Sigmund gestures at you while chanting. The magic dart hits you.
Enter note:
Enter note:
Enter note:
Enter note:
1824 ||| UPGRADING to +0 pair of gloves.
Sigmund casts a spell.
Sigmund flickers and vanishes!
Deactivating autopickup; reactivate with Ctrl-A.
You start putting on your armour.
You continue putting on your +0 pair of gloves.
Something hits you but does no damage.
Keep equipping yourself?
You continue putting on your +0 pair of gloves.
Something hits you!
You continue putting on your +0 pair of gloves. x2
Something completely misses you.
You finish putting on your +0 pair of gloves.
Autopickup is now on.
Enter note:
Enter note:
Enter note:
Enter note:
Enter note:
Enter note: You see here a ball python corpse.
Enter note:
Enter note:
Enter note:
Enter note:
Enter note:
Enter note:
Enter note:
Enter note:
Enter note: You start resting.
Something hits you!
You die...

...#..<........
...#...........
...>...........
.)............
#............ ..
...........
#..######.........
#.....###........
##############..@%........
...............##.........
###################.......
....... ....... .......
....... #......


There were no monsters in sight!

Vanquished Creatures
  Ijyb (D:3)
  An adder (D:2)
  A dart slug (D:1)
  5 bats (D:2)
  5 endoplasms
  4 giant cockroaches
  5 goblins
  6 hobgoblins
  2 quokkas
  8 ball pythons
  3 frilled lizards (D:1)
  7 kobolds
  7 rats
55 creatures vanquished.

Notes
Turn   | Place    | Note
-------+----------+-------------------------------------------
     0 | D:1      | qw the Gargoyle Hexslinger began the quest for the Orb.
     0 | D:1      | Reached XP level 1. HP: 12/12 MP: 2/2
     0 | D:1      | 0 ||| qw: Version: 0.3-a-51-g015441d
     0 | D:1      | 0 ||| qw: Game counter: 4426
     0 | D:1      | 0 ||| qw: Melee chars always use a shield: true
     0 | D:1      | 0 ||| qw: God list: Okawaru
     0 | D:1      | 0 ||| qw: Allow faded altars: false
     0 | D:1      | 0 ||| qw: Do Orc after clearing Dungeon:15 true
     0 | D:1      | 0 ||| qw: Do second Lair branch before Depths: true
     0 | D:1      | 0 ||| qw: Lair rune preference: random
     0 | D:1      | 0 ||| qw: Goals: Normal
     0 | D:1      | 0 ||| PLANNING D:1-11
    67 | D:1      | Reached XP level 2. HP: 16/16 MP: 3/3
   102 | D:1      | Reached skill level 3 in Ranged Weapons
   304 | D:1      | Reached XP level 3. HP: 21/21 MP: 4/4
   576 | D:1      | 576 ||| UPGRADING to +0 leather armour.
   586 | D:1      | 586 ||| DROPPING +0 robe.
   587 | D:1      | 587 ||| UPGRADING to +6 ring of strength.
   588 | D:1      | 588 ||| READING scroll labelled MUNOAV EMOBUD.
   593 | D:1      | 593 ||| READING 3 scrolls labelled VONGYUKKU AWUORAT.
   594 | D:1      | 594 ||| READING 2 scrolls of identify.
   594 | D:1      | 594 ||| IDENTIFYING sedimented black potion
   595 | D:1      | 595 ||| DROPPING scroll of poison.
   596 | D:1      | 596 ||| DROPPING potion of attraction.
  1050 | D:2      | Reached XP level 4. HP: 26/26 MP: 5/5
  1408 | D:2      | 1408 ||| READING scroll labelled FEIL LISACYM.
  1408 | D:2      | Identified a scroll of acquirement
  1408 | D:2      | 1408 ||| ACQUIRING amulet of faith
  1408 | D:2      | Acquired an amulet of faith
  1410 | D:2      | 1410 ||| UPGRADING to amulet of faith.
  1415 | D:2      | 1415 ||| READING scroll labelled LERUFUPYALI.
  1416 | D:2      | 1416 ||| READING 2 scrolls of identify.
  1416 | D:2      | 1416 ||| IDENTIFYING fizzy golden potion
  1417 | D:2      | 1417 ||| DROPPING potion of berserk rage.
  1462 | D:3      | Noticed Ijyb
  1464 | D:3      | 1464 ||| STAIRDANCE
  1572 | D:3      | 1572 ||| STAIRDANCE
  1586 | D:3      | Killed Ijyb
  1587 | D:3      | Reached skill level 4 in Ranged Weapons
  1771 | D:3      | Found a blossoming altar of Fedhas.
  1808 | D:3      | Noticed Sigmund
  1824 | D:3      | 1824 ||| UPGRADING to +0 pair of gloves.
  1826 | D:3      | HP: 4/26 [something (9)]
  1831 | D:3      | Slain by Sigmund

Levels and vault maps discovered:
D:1:      roderic_chinese_lattice_arrival, layout_basic
D:2:      layout_loops_corners
D:3:      layout_rooms, general_overflow_altar, nicolae_ru_the_path_less_chosen,
          hex_large, uniq_ijyb, uniq_sigmund, uniq_jessica

Skill      XL: |  1  2  3  4 |
---------------+-------------+-----
Ranged Weapons | 3 4 |  4.4
Fighting       | 2 |  2.0
Dodging        | |  1.5
Spellcasting   | |  1.0
Hexes          | |  2.6

Action                     |  1- 3 |  4- 6 || total
---------------------------+-------+-------++-------
   Fire: Sling             |   124 |    54 ||   178
    Use: Scroll            |     3 |     3 ||     6
 Armour: Robe              |     6 |       ||     6
         Leather armour    |    20 |     7 ||    27
         Skin              |       |     9 ||     9
  Dodge: Dodged            |    30 |    14 ||    44

Table legend:
 A = Non-vault XP
 B = Vault XP
 C = Vault XP percentage of total XP
 D = Non-vault monster count
 E = Vault monster count
 F = Vault count percentage of total count
                 A         B        C        D         E       F
            +---------+---------+-------+---------+---------+-------
      Total |      98 |      36 |  26.9 |      54 |       1 |   1.8
            +---------+---------+-------+---------+---------+-------
        D:1 |      44 |       0 |   0.0 |      27 |       0 |   0.0
        D:2 |      43 |       0 |   0.0 |      20 |       0 |   0.0
        D:3 |      11 |      36 |  76.6 |       7 |       1 |  12.5
            +---------+---------+-------+---------+---------+-------
